cohdb
Replays
Latest Replays
All Replays
Popular Replays
Top Player Replays
Match Explorer
How It Works
Community
CoH3 Stats
Reddit
Sign in to upload your games and track your stats! →
Sign in with Steam
Match 41404180
Unlisted
Match 41404180
Overview
Messages
Build Orders
End
Royal Engineer Section
Selects Heavy Armor Battlegroup
Construct Section Command Post
Infantry Section
Vickers Machine Gun Team
Grenade Package
ML 3-inch Mortar Team
Construct Platoon Command Post
Selects Engineer Detachments
Selects Forward Repair Assembly
Selects UNKNOWN (2162094)
Deep Space 69
(502) Bad Gateway
0
0
Comments
sign in to comment!
No comments posted yet!